 Dungeon Crawl Stone Soup version 0.17.1-3-g152610e (webtiles) character file.

221 Gargoyl the Skirmisher (level 5, -1/42 HPs)
             Began as a Demonspawn Abyssal Knight on Mar 30, 2016.
             Was a Believer of Lugonu.
             Slain by an ogre
             ... wielding a +0 giant club
              (15 damage)
             ... on level 4 of the Dungeon.
             The game lasted 00:06:43 (3049 turns).

Gargoyl the Skirmisher (Demonspawn Abyssal Knight)  Turns: 3049, Time: 00:06:43

Health: -1/42      AC:  5    Str: 14    XL:     5   Next: 65%
Magic:  7/7        EV: 10    Int: 13    God:    Lugonu [**....]
Gold:   151        SH:  3    Dex: 12    Spells: 0 memorised, 4 levels left

rFire  . . .     SeeInvis .     C - +2 hand axe (flame)
rCold  . . .     Clarity  .     p - +0 ring mail
rNeg   . . .     SustAt   .     e - +0 buckler
rPois  .         Gourm    .     (no helmet)
rElec  .         Spirit   .     (no cloak)
rCorr  .         Warding  .     (no gloves)
rMut   .         Stasis   .     (no boots)
MR     .....                    t - amulet of rage
Stlth  ..........               (no ring)
                                (no ring)

@: not resistant to hostile enchantments, extremely unstealthy
A: hooves 1, powered by death 1
a: Depart the Abyss, Bend Space, Renounce Religion, Evoke Berserk Rage


You were on level 4 of the Dungeon.
You worshipped Lugonu.
Lugonu was pleased with you.
You were hungry.

You visited 1 branch of the dungeon, and saw 4 of its levels.
You visited the Abyss 1 time.

You collected 151 gold pieces.

Inventory:

Hand Weapons
 h - a +0 spear
 x - a +0 flail
 C - a +2 hand axe of flaming (weapon)
Missiles
 u - 5 tomahawks (quivered)
Armour
 b - a +1 chain mail
 e - a +0 buckler (worn)
 p - a +0 ring mail (worn)
Jewellery
 t - an amulet of rage (around neck)
Wands
 a - a wand of polymorph (24)
Scrolls
 f - 5 scrolls of identify
 k - 2 scrolls of teleportation
 v - 4 scrolls of remove curse
 A - 2 scrolls of blinking {unknown}
Potions
 d - a potion of resistance {unknown}
 g - a potion of degeneration {unknown}
 l - a potion of magic {unknown}
 n - a potion of curing
 q - a potion of lignification {unknown}
 r - a potion of might {unknown}
 w - a potion of poison {unknown}
 B - a potion of brilliance {unknown}
Books
 y - a book of Conjurations

   Spells                             Type                      Level
   a - Magic Dart                     Conjuration                  1
   b - Searing Ray                    Conjuration                  2
   c - Dazzling Spray                 Conjuration/Hexes            3
   d - Fulminant Prism                Conjuration/Hexes            4
   e - Iskenderun's Mystic Blast      Conjuration                  4
   f - Iskenderun's Battlesphere      Conjuration/Charms           5
Comestibles
 c - 3 bread rations
 j - 4 beef jerkies
 o - 2 meat rations
 s - a royal jelly


   Skills:
 + Level 4.0 Fighting
 + Level 2.4 Axes
 * Level 3.0 Armour
 + Level 2.5 Dodging
 + Level 0.4 Stealth
 + Level 1.1 Shields
 + Level 3.2 Invocations


You had 4 spell levels left.
You didn't know any spells.

Dungeon Overview and Level Annotations

Branches:
Dungeon (4/15)
 Temple: D:4-7

Altars:


Innate Abilities, Weirdness & Mutations

You have large cloven feet.
You regenerate a little health from kills.


Message History

Press: ? - help, Shift-Dir - straight line, f - ogre
Aim: an ogre, wielding a giant club You throw a tomahawk.
The tomahawk hits the ogre.
The ogre is lightly wounded.
Throwing (i - inventory):
u - 6 tomahawks (quivered)
Press: ? - help, Shift-Dir - straight line, f/p - ogre
Aim: an ogre, wielding a giant club (lightly wounded)
You throw a tomahawk.
The tomahawk hits the ogre but does no damage.
The ogre is lightly wounded.
You hit the ogre. You burn the ogre. You kick the ogre, but do no damage.
The ogre is moderately wounded.
The ogre hits you with a giant club!
You hit the ogre. You burn the ogre.
The ogre is heavily wounded.
The ogre hits you with a giant club!
You hit the ogre. You burn the ogre.
The ogre is heavily wounded.
The ogre hits you with a giant club!
You die...

## #.# . #.# #.
#.# #. #.#
#.(#.#
..##..#.##
......O..+ #@#
..........(!...
.#...##.####...
#.. #.# .[. ...
## #.# #.. #.#


You could see an ogre.

Vanquished Creatures
  A scorpion (D:3)
  An orc wizard (D:3)
  6 adders (D:3)
  2 oozes
  3 worms
  2 giant geckos
  9 orcs (D:3)
  5 bats
  2 giant cockroaches
  9 goblins
  6 hobgoblins
  4 jackals
  5 kobolds
  A quokka (D:2)
  2 giant newts
  8 rats
66 creatures vanquished.

Notes
Turn   | Place    | Note
--------------------------------------------------------------
     0 | Abyss:1  | Gargoyl the Demonspawn Abyssal Knight began the quest for the Orb.
     0 | Abyss:1  | Reached XP level 1. HP: 18/18 MP: 2/2
   113 | Abyss:1  | Noticed a ynoxinul
   115 | D:1      | Escaped the Abyss
   349 | D:1      | Reached skill level 1 in Dodging
   357 | D:1      | Gained mutation: You regenerate a little health from kills. [demonic ancestry]
   357 | D:1      | Reached XP level 2. HP: 24/24 MP: 4/4
   603 | D:1      | Reached * piety under Lugonu
  1226 | D:2      | Reached XP level 3. HP: 20/29 MP: 5/5
  1708 | D:3      | Reached XP level 4. HP: 17/36 MP: 6/6
  1727 | D:3      | HP: 1/36 [something (2)]
  1730 | D:3      | Reached ** piety under Lugonu
  1907 | D:3      | Noticed a scorpion
  1925 | D:3      | Killed a scorpion
  1925 | D:3      | Reached skill level 1 in Shields
  1925 | D:3      | Gained mutation: You have large cloven feet. [demonic ancestry]
  1925 | D:3      | Reached XP level 5. HP: 9/42 MP: 7/7
  2256 | D:3      | Reached skill level 4 in Fighting
  3042 | D:4      | Noticed an ogre
  3049 | D:4      | Slain by an ogre

Action                   |  1- 3 |  4- 6 || total
-------------------------+-------+-------++-------
Melee: Hand axe          |   136 |   139 ||   275
Throw: Tomahawk          |       |     2 ||     2
Invok: Depart the Abyss  |     1 |       ||     1
  Use: Potion            |       |     1 ||     1
       Scroll            |       |     7 ||     7
  Eat: Chunk             |     3 |       ||     3
       Fruit             |       |     4 ||     4
